 Dungeon Crawl Stone Soup version 0.31.0-7-gf635a9b802 (webtiles) character file.

Game seed: 875574150968566707

754 qwertyuiopasd the Ducker (level 7, -7/56 HPs)
             Began as a Gnoll Wanderer on Jan 23, 2024.
             Killed from afar by Dowan (21 damage)
             ... with a shard of ice
             ... on level 6 of the Dungeon.
             The game lasted 00:06:26 (1550 turns).

qwertyuiopasd the Ducker (Gnoll Wanderer)           Turns: 1550, Time: 00:06:26

Health: -7/56      AC: 12    Str: 16    XL:     7   Next: 79%
Magic:  11/11      EV: 12    Int: 13    God:
Gold:   38         SH:  0    Dex: 13    Spells: 11/11 levels left

rFire   . . .        g - +11 long sword of Causality {vamp, Str+2 Int+4}
rCold   . . .        (no shield)
rNeg    + . .        l - +0 scale mail
rPois   .            f - +0 helmet
rElec   .            (no cloak)
rCorr   .            (no gloves)
SInv    .            (no boots)
Will    .....        (no amulet)
Stlth   +            j - +4 ring of protection
HPRegen 0.29/turn    m - ring of positive energy
MPRegen 0.12/turn

%: no passive effects
@: no status effects
A: fangs 1, strong nose, distributed training
a: no special abilities


You were on level 6 of the Dungeon.
You visited 1 branch of the dungeon, and saw 6 of its levels.

You collected 38 gold pieces.

Inventory:

Hand Weapons
 a - a +0 mace of venom
 g - the +11 long sword of Causality (weapon) {vamp, Str+2 Int+4}
   (You found it on level 2 of the Dungeon)

   Str+2:     It affects your strength (+2).
   Int+4:     It affects your intelligence (+4).
 o - a +0 scythe
Missiles
 e - 5 poisoned darts (quivered)
Armour
 b - a +2 leather armour
 f - a +0 helmet (worn)
 l - a +0 scale mail (worn)
 p - a +0 robe
Jewellery
 j - a +4 ring of protection (left hand)
 m - a ring of positive energy (right hand)
Scrolls
 d - a scroll of fear
 h - 2 scrolls of identify
 q - a scroll of blinking {unknown}
Potions
 c - 2 potions of curing
 i - a potion of heal wounds {unknown}
 k - a potion of degeneration {unknown}
 n - a potion of attraction {unknown}


   Skills:
 + Level 5.4 Fighting
 + Level 2.8 Short Blades
 + Level 2.8 Long Blades
 + Level 2.8 Axes
 + Level 7.2 Maces & Flails
 + Level 2.8 Polearms
 + Level 2.8 Staves
 + Level 2.8 Ranged Weapons
 + Level 3.9 Throwing
 + Level 3.9 Armour
 + Level 7.2 Dodging
 + Level 2.8 Stealth
 + Level 2.8 Shields
 + Level 2.8 Unarmed Combat
 + Level 2.8 Spellcasting
 + Level 2.3 Conjurations
 + Level 2.3 Hexes
 + Level 2.3 Summonings
 + Level 2.3 Necromancy
 + Level 2.3 Translocations
 + Level 2.3 Fire Magic
 + Level 2.3 Ice Magic
 + Level 2.3 Air Magic
 + Level 2.3 Earth Magic
 + Level 2.3 Alchemy
 + Level 3.1 Invocations
 + Level 2.8 Evocations
 + Level 2.5 Shapeshifting


You had 11 spell levels left.
You didn't know any spells.
Your spell library was empty.

Dungeon Overview and Level Annotations

Branches:
Dungeon (6/15)
 Temple: D:4-7

Altars:

Annotations:
D:3 Grinder
D:6 Dowan


Innate Abilities, Weirdness & Mutations

You have very sharp teeth.
Your uncanny sense of smell can sniff out nearby items.
Your experience applies equally to all skills.


Message History

You slash the phantom!
You destroy the phantom!
The bullfrog hits you but does no damage.
Dowan gestures wildly while chanting.
Dowan blinks!
The bullfrog hits you. Duvessa closely misses you.
You slash Duvessa!
Duvessa is moderately wounded.
The bullfrog barely misses you. Duvessa completely misses you.
The bullfrog hits you. Duvessa hits you with a +0 short sword!
Dowan casts a spell.
Dowan blinks!
You hit Duvessa.
You feel better.
Duvessa is moderately wounded.
The bullfrog hits you but does no damage.
Duvessa hits you with a +0 short sword. The bullfrog hits you.
Duvessa hits you but does no damage.
You barely miss Duvessa.
Duvessa is moderately wounded.
The bullfrog closely misses you. Duvessa barely misses you.
The bullfrog hits you. Duvessa hits you with a +0 short sword.
You slash Duvessa!
Duvessa is heavily wounded.
The bullfrog hits you but does no damage.
Duvessa closely misses you. The bullfrog closely misses you.
Duvessa hits you with a +0 short sword. Dowan closely misses you.
You slash Duvessa!
You feel better.
Duvessa is severely wounded.
The bullfrog hits you.
Duvessa says, "My weaknesses are his strengths!"
Duvessa hits you but does no damage. Dowan barely misses you.
The bullfrog barely misses you. Duvessa hits you with a +0 short sword.
You slash Duvessa!
You feel better.
You kill Duvessa!
Dowan screams, "No!
No!"
Dowan seems to find hidden reserves of power!
Dowan zaps a wand.
The puff of flame hits you! The bullfrog hits you.
* * * LOW HITPOINT WARNING * * *
Dowan casts a spell at you. The shard of ice hits you!!
You die...

##.....###
###.###∆ ∆
#.# ∆ #.# ∆
∆ #.# . #.#
#..
#.#####....
#..#e......
##.@).....#
###F...###
#####


You could see Dowan (fast) and a bullfrog.

Vanquished Creatures
  Sigmund (D:5)
  Duvessa (D:6)
  Pargi (D:3)
  An ice beast (D:6)
  A phantom (D:6)
  2 scorpions (D:6)
  3 hounds
  A jelly (D:5)
  An iguana (D:5)
  3 adders
  A white imp (D:5)
  7 orcs
  A ball python (D:1)
  2 endoplasms
  A goblin (D:1)
  A hobgoblin (D:4)
  8 jackals
  3 rats
39 creatures vanquished.

Vanquished Creatures (others)
  A ghoul (D:1)
  An octopode (D:1)
  An armataur (D:1)
  A vine stalker (D:1)
  A merfolk (D:1)
  A vampire (D:1)
  A spriggan (D:1)
  2 humans (D:1)
  A demigod (D:1)
  A barachi (D:1)
  A gnoll (D:1)
  6 tentacles (D:1)
18 creatures vanquished.

Grand Total: 57 creatures vanquished

Notes
Turn   | Place    | Note
-------+----------+-------------------------------------------
     0 | D:1      | qwertyuiopasd the Gnoll Wanderer began the quest for the
                  | Orb.
     0 | D:1      | qwertyuiopasd set off with the following items: a +0 mace,
                  | a +2 leather armour, a potion of curing, a scroll of fear.
     0 | D:1      | Reached XP level 1. HP: 20/20 MP: 1/1
     0 | D:1      | Noticed a human
     0 | D:1      | Noticed a spriggan
     0 | D:1      | Noticed a human
     0 | D:1      | Noticed a merfolk
     0 | D:1      | Noticed an octopode
     0 | D:1      | Noticed a kraken
     0 | D:1      | Noticed a vine stalker
     0 | D:1      | Noticed an armataur
     0 | D:1      | Noticed a ghoul
     0 | D:1      | Noticed a vampire
     0 | D:1      | Noticed a demigod
     0 | D:1      | Noticed a barachi
     7 | D:1      | Killed an octopode
     8 | D:1      | Killed a demigod
    12 | D:1      | Killed a merfolk
    14 | D:1      | Killed an armataur
    15 | D:1      | Killed a vampire
    15 | D:1      | Killed a human
    19 | D:1      | Killed a spriggan
    20 | D:1      | Killed a human
    25 | D:1      | Killed a barachi
    25 | D:1      | Killed a vine stalker
    27 | D:1      | Killed a ghoul
    70 | D:1      | Reached XP level 2. HP: 25/26 MP: 2/2
   715 | D:1      | You fall into a shaft and drop 1 floor!
   766 | D:2      | Identified the +11 long sword of Causality {vamp, Str+2
                  | Int+4}
   795 | D:3      | Noticed Pargi
   810 | D:3      | Killed Pargi
   811 | D:3      | Reached skill level 1 in Short Blades
   811 | D:3      | Reached skill level 1 in Long Blades
   811 | D:3      | Reached skill level 1 in Axes
   811 | D:3      | Reached skill level 1 in Polearms
   811 | D:3      | Reached skill level 1 in Staves
   811 | D:3      | Reached skill level 1 in Ranged Weapons
   811 | D:3      | Reached skill level 1 in Stealth
   811 | D:3      | Reached skill level 1 in Shields
   811 | D:3      | Reached skill level 1 in Unarmed Combat
   811 | D:3      | Reached skill level 1 in Spellcasting
   811 | D:3      | Reached skill level 1 in Conjurations
   811 | D:3      | Reached skill level 1 in Hexes
   811 | D:3      | Reached skill level 1 in Summonings
   811 | D:3      | Reached skill level 1 in Necromancy
   811 | D:3      | Reached skill level 1 in Translocations
   811 | D:3      | Reached skill level 1 in Fire Magic
   811 | D:3      | Reached skill level 1 in Ice Magic
   811 | D:3      | Reached skill level 1 in Air Magic
   811 | D:3      | Reached skill level 1 in Earth Magic
   811 | D:3      | Reached skill level 1 in Alchemy
   811 | D:3      | Reached skill level 1 in Invocations
   811 | D:3      | Reached skill level 1 in Evocations
   811 | D:3      | Reached skill level 1 in Shapeshifting
   811 | D:3      | Reached XP level 3. HP: 25/31 MP: 2/5
   811 | D:3      | Reached XP level 4. HP: 30/38 MP: 2/6
   815 | D:3      | Reached XP level 5. HP: 35/43 MP: 2/7
   855 | D:3      | Noticed Grinder
  1032 | D:5      | Entered Level 5 of the Dungeon
  1154 | D:5      | Reached XP level 6. HP: 40/50 MP: 8/8
  1198 | D:5      | Noticed Sigmund
  1203 | D:5      | Killed Sigmund
  1204 | D:5      | Reached skill level 5 in Fighting
  1282 | D:6      | Reached XP level 7. HP: 56/56 MP: 10/10
  1537 | D:6      | Noticed Dowan
  1539 | D:6      | Noticed Duvessa
  1550 | D:6      | Killed Duvessa
  1550 | D:6      | Killed from afar by Dowan

Illustrated notes

Levels and vault maps discovered:
D:1:      nicolae_arrival_kraken_aquarium_a, layout_basic, serial_shops,
          shop_statue
D:2:      layout_basic, basic_altar, minmay_diced_spiral, uniq_terence
D:3:      layout_rooms, mainiacjoe_overflow_small_starburst, uniq_grinder,
          uniq_pargi, uniq_crazy_yiuf_cottage
D:4:      layout_basic, gup_sewer_entry_spiral, uniq_ijyb
D:5:      layout_basic, guppyfry_early_lair_pool, uniq_sigmund
D:6:      layout_gridville, mainiacjoe_overflow_boulevard,
          lightli_corner_chamber, uniq_duvessa

Skill      XL: |  1  2  3  4  5  6  7 |
---------------+----------------------+-----
Short Blades   | 1 2 |  2.8
Long Blades    | 1 2 |  2.8
Axes           | 1 2 |  2.8
Polearms       | 1 2 |  2.8
Staves         | 1 2 |  2.8
Ranged Weapons | 1 2 |  2.8
Stealth        | 1 2 |  2.8
Shields        | 1 2 |  2.8
Unarmed Combat | 1 2 |  2.8
Spellcasting   | 1 2 |  2.8
Conjurations   | 1 2 |  2.3
Hexes          | 1 2 |  2.3
Summonings     | 1 2 |  2.3
Necromancy     | 1 2 |  2.3
Translocations | 1 2 |  2.3
Fire Magic     | 1 2 |  2.3
Ice Magic      | 1 2 |  2.3
Air Magic      | 1 2 |  2.3
Earth Magic    | 1 2 |  2.3
Alchemy        | 1 2 |  2.3
Invocations    | 1 2 3 |  3.1
Evocations     | 1 2 |  2.8
Shapeshifting  | 1 2 |  2.5
Throwing       | 3 |  3.9
Armour         | 3 |  3.9
Fighting       | 5 |  5.4
Maces & Flails | 7 |  7.2
Dodging        | 7 |  7.2

Action                     |  1- 3 |  4- 6 |  7- 9 || total
---------------------------+-------+-------+-------++-------
  Melee: Mace              |    31 |       |       ||    31
         Bite              |     3 |     3 |     3 ||     9
         Punch             |     1 |     1 |       ||     2
         Long sword        |     9 |    44 |    28 ||    81
    Use: Scroll            |     2 |     1 |     1 ||     4
   Stab: Sleeping          |       |     1 |       ||     1
 Armour: Leather armour    |    39 |    19 |    12 ||    70
         Scale mail        |       |       |    31 ||    31
  Dodge: Dodged            |    61 |    38 |    29 ||   128
